 Dungeon Crawl Stone Soup version 0.31-a0-1204-ge2c1a860ed (webtiles) character file.

Game seed: 356697737628729253

1687894 RBrandon the Naga Blade (level 27, 271/271 HPs)
             Began as a Naga Delver on Dec 10, 2023.
             Was the Champion of Nemelex Xobeh.
             Escaped with the Orb
             ... and 3 runes on Dec 12, 2023!
             The game lasted 04:00:42 (65751 turns).

RBrandon the Naga Blade (Naga Delver)              Turns: 65751, Time: 04:00:43

Health: 271/271    AC: 46    Str: 19    XL:     27
Magic:  35/35      EV: 29    Int:  6    God:    Nemelex Xobeh [******]
Gold:   5033       SH:  0    Dex: 37    Spells: 23/41 levels left

rFire   + + +        a - +9 great sword (freeze)
rCold   + . .        (shield currently unavailable)
rNeg    + . .        T - quicksilver dragon scales
rPois   +            e - +2 helmet {SInv}
rElec   +            E - scarf {rC+ rF+}
rCorr   .            F - +5 pair of gloves of the Devil's Team {rElec Str+6}
SInv    +            W - +3 barding of Beastly the Good {rElec rF+ rN+ Int-4}
Will    ++++.        y - amulet "Xoekkag" {Spirit rF+}
Stlth   ++           v - +6 ring of dexterity
HPRegen 0.65/turn    j - +6 ring of dexterity
MPRegen 0.24/turn

%: guardian spirit
@: studying Long Blades, very slow
A: AC +9, large, see invisible, deformed body, poison resistance, slowness 2,
spit poison 1, naga tail 2, iridescent scales 2, dopey 1, fire resistance 1,
screaming 1, weak 1, MP-powered wands
0: Orb of Zot
}: 3/15 runes: decaying, silver, gossamer
a: Spit Poison, Renounce Religion, Draw Escape, Draw Destruction, Draw
Summoning, Draw Stack, Triple Draw, Deal Four, Stack Five


You escaped.
You worshipped Nemelex Xobeh.
Nemelex Xobeh was exalted by your worship.
You visited 9 branches of the dungeon, and saw 47 of its levels.
You also visited: Gauntlet and Wizlab.

You collected 8359 gold pieces.
You spent 3326 gold pieces at shops.

Inventory:

Hand Weapons
 a - a +9 great sword of freezing (weapon)
   (You took it off a tengu warrior on level 13 of the Dungeon)
Missiles
 Z - 3 throwing nets
Armour
 e - a +2 helmet of see invisible (worn)
   (You bought it in a shop on level 2 of the Orcish Mines)
 E - a scarf of resistance (worn)
   (You found it in a Gauntlet)
 F - the +5 pair of gloves of the Devil's Team (worn) {rElec Str+6}
   (You found it on level 5 of the Realm of Zot)

   Str+6:     It affects your strength (+6).
   rElec:     It insulates you from electricity.
 T - quicksilver dragon scales (worn)
 W - the +3 barding of Beastly the Good (worn) {rElec rF+ rN+ Int-4}
   (You acquired it on level 13 of the Dungeon)

   Int-4:     It affects your intelligence (-4).
   rF+:       It protects you from fire.
   rElec:     It insulates you from electricity.
   rN+:       It protects you from negative energy.
Jewellery
 j - a +6 ring of dexterity (right hand)
 u - a +5 ring of evasion
 v - a +6 ring of dexterity (left hand)
 w - a ring of protection from fire
 y - the amulet "Xoekkag" (around neck) {Spirit rF+}
   (You acquired it on level 5 of the Lair of Beasts)

   [amulet of guardian spirit]

   Spirit:    It causes incoming damage to be divided between your reserves of
   health and magic.
   rF+:       It protects you from fire.
 G - a ring of protection from cold
 K - a ring of willpower
 P - the ring of Syittim {rF+ Will- rCorr Str+4}
   (You took it off a yaktaur on level 5 of the Vaults)

   [ring of protection from fire]

   Str+4:     It affects your strength (+4).
   rF+:       It protects you from fire.
   Will-:     It decreases your willpower.
   rCorr:     It protects you from acid and corrosion.
Wands
 f - a wand of mindburst (45)
 g - a wand of digging (5)
 t - a wand of quicksilver (47)
 H - a wand of polymorph (4)
 N - a wand of roots (45)
 Q - a wand of charming (68)
Scrolls
 b - 16 scrolls of teleportation
 c - 16 scrolls of fog
 d - 3 scrolls of revelation
 m - 7 scrolls of poison
 o - 8 scrolls of blinking
 r - 5 scrolls of enchant weapon
 s - 8 scrolls of silence
 z - 11 scrolls of vulnerability
 C - 2 scrolls of butterflies
 Y - 4 scrolls of fear
Potions
 h - 8 potions of lignification
 i - a potion of mutation
 l - 13 potions of enlightenment
 n - 23 potions of curing
 p - 7 potions of attraction
 q - 5 potions of invisibility
 A - 2 potions of berserk rage
 B - 12 potions of heal wounds
 D - 9 potions of might
 J - 3 potions of haste
 L - 7 potions of ambrosia
 M - 3 potions of magic
 O - 3 potions of brilliance
 U - a potion of cancellation
 X - 3 potions of resistance
Miscellaneous
 k - a lightning rod (4/4)
 x - a phial of floods (inert)
 R - a box of beasts
 S - a phantom mirror
 V - a condenser vane (inert)


   Skills:
 + Level 20.5 Fighting
 - Level 2.0(13.9) Short Blades
 - Level 21.0 Long Blades
 - Level 2.4 Polearms
 + Level 19.1 Armour
 + Level 18.7 Dodging
 - Level 7.2 Stealth
 - Level 7.8 Spellcasting
 - Level 11.0 Translocations
 - Level 17.1 Invocations
 - Level 18.3 Evocations


You had 23 spell levels left.
You knew the following spells:

 Your Spells              Type           Power      Damage    Failure   Level
a - Blink                 Tloc           30%        N/A       1%          2
b - Lesser Beckoning      Tloc           30%        N/A       1%          2
c - Apportation           Tloc           30%        N/A       1%          1
d - Manifold Assault      Tloc           15%        N/A       3%          4
e - Volatile Blastmotes   Fire/Tloc      16%        2d11      10%         3
f - Dispersal             Tloc           7%         N/A       45%         6

Your spell library contained the following spells:

 Spells                   Type           Power      Damage    Failure   Level
 Gell's Gravitas          Tloc           15%        N/A       1%          3
 Teleport Other           Tloc           15%        N/A       1%          3
 Momentum Strike          Conj/Tloc      16%        3d8       4%          2
 Foxfire                  Conj/Fire      8%         2x1d4     30%         1
 Freeze                   Ice            8%         1d3       30%         1
 Kiss of Death            Conj/Necr      8%         2d6       30%         1
 Necrotise                Necr           8%         1d4       30%         1
 Sandblast                Erth           4%         2d4       30%         1
 Shock                    Conj/Air       8%         1d3       30%         1
 Slow                     Hex            8%         N/A       30%         1
 Summon Small Mammal      Summ           8%         N/A       30%         1
 Dimensional Bullseye     Hex/Tloc       4%         N/A       32%         4
 Iskenderun's Mystic Bla  Conj/Tloc      8%         2d4       32%         4
 Call Imp                 Summ           4%         N/A       43%         2
 Cigotuvi's Dreadful Rot  Necr/Pois/Air  4%         N/A       43%         2
 Ensorcelled Hibernation  Hex/Ice        4%         N/A       43%         2
 Jinxbite                 Hex            4%         N/A       43%         2
 Passwall                 Tmut/Erth      1%         N/A       43%         2
 Scorch                   Fire           4%         2d5       43%         2
 Static Discharge         Conj/Air       4%         3-4/arc   43%         2
 Sublimation of Blood     Necr           2%         N/A       43%         2
 Wereblood                Tmut           2%         N/A       43%         2
 Summon Forest            Summ/Tloc      4%         N/A       65%         5
 Call Canine Familiar     Summ           2%         N/A       67%         3
 Confusing Touch          Hex            2%         N/A       67%         3
 Dazzling Flash           Conj/Hex       4%         N/A       67%         3
 Frozen Ramparts          Ice            4%         1d1       67%         3
 Hailstorm                Conj/Ice       2%         3d5       67%         3
 Ignite Poison            Fire/Tmut/Pois 2%         N/A       67%         3
 Inner Flame              Hex/Fire       2%         N/A       67%         3
 Ozocubu's Armour         Ice            2%         N/A       67%         3
 Sigil of Binding         Hex            2%         N/A       67%         3
 Stone Arrow              Conj/Erth      4%         3d7       67%         3
 Summon Guardian Golem    Hex/Summ       2%         N/A       67%         3
 Swiftness                Air            2%         N/A       67%         3
 Vampiric Draining        Necr           2%         2d6       67%         3
 Airstrike                Air            1%         2d(1-17)  97%         4
 Anguish                  Hex/Necr       1%         N/A       97%         4
 Animate Armour           Summ/Erth      4%         N/A       97%         4
 Animate Dead             Necr           2%         N/A       97%         4
 Brom's Barrelling Bould  Conj/Erth      2%         2d3       97%         4
 Cause Fear               Hex            1%         N/A       97%         4
 Dispel Undead            Necr           2%         3d7       97%         4
 Flame Wave               Conj/Fire      2%         2d4       97%         4
 Leda's Liquefaction      Hex/Erth       1%         N/A       97%         4
 Olgreb's Toxic Radiance  Pois           2%         N/A       97%         4
 Petrify                  Tmut/Erth      2%         N/A       97%         4
 Sticky Flame             Conj/Fire      2%         2d3       97%         4
 Summon Ice Beast         Ice/Summ       2%         N/A       97%         4
 Summon Lightning Spire   Summ/Air       2%         N/A       97%         4
 Alistair's Intoxication  Tmut/Pois      1%         N/A       100%        5
 Borgnjor's Vile Clutch   Necr/Erth      1%         N/A       100%        5
 Fireball                 Conj/Fire      1%         3d3       100%        5
 Irradiate                Conj/Tmut      1%         3d12      100%        5
 Iskenderun's Battlesphe  Conj           2%         2d6       100%        5
 Metabolic Englaciation   Hex/Ice        1%         N/A       100%        5
 Summon Mana Viper        Hex/Summ       2%         N/A       100%        5
 Yara's Violent Unravell  Hex/Tmut       1%         3d3       100%        5
 Conjure Ball Lightning   Conj/Air       1%         3x3d6     100%        6
 Death Channel            Necr           1%         N/A       100%        6
 Plasma Beam              Fire/Air       1%         2x1d11    100%        6
 Simulacrum               Ice/Necr       1%         N/A       100%        6
 Starburst                Conj/Fire      1%         6d3       100%        6
 Summon Cactus Giant      Summ           1%         N/A       100%        6
 Enfeeble                 Hex            1%         N/A       100%        7
 Haunt                    Necr/Summ      1%         N/A       100%        7
 Monstrous Menagerie      Summ           1%         N/A       100%        7
 Orb of Destruction       Conj           1%         9d5       100%        7
 Ozocubu's Refrigeration  Ice            1%         4d7       100%        7
 Spellforged Servitor     Conj/Summ      1%         N/A       100%        7
 Summon Hydra             Summ           1%         N/A       100%        7
 Borgnjor's Revivificati  Necr           1%         N/A       100%        8
 Discord                  Hex            1%         N/A       100%        8
 Disjunction              Tloc           7%         N/A       100%        8
 Infestation              Necr           1%         N/A       100%        8
 Lehudib's Crystal Spear  Conj/Erth      1%         10d2      100%        8
 Maxwell's Capacitive Co  Air            1%         ∞         100%        8
 Chain Lightning          Conj/Air       1%         3d1       100%        9
 Death's Door             Necr           1%         N/A       100%        9
 Dragon's Call            Summ           1%         N/A       100%        9
 Fire Storm               Conj/Fire      1%         7d1       100%        9


Dungeon Overview and Level Annotations

Branches:
Dungeon (15/15)            Temple (0/1) D:7            Lair (5/5) D:10
  Swamp (4/4) Lair:2       Spider (4/4) Lair:2        Slime (0/5) Lair:5
    Orc (2/2) D:11            Elf (3/3) Orc:2        Vaults (5/5) D:14
  Crypt (0/3) Vaults:2     Depths (4/4) D:15            Zot (5/5) Depths:4
 WizLab (visited)         Gauntlet (visited)

Altars:
Cheibriados
Kikubaaqudgha
Nemelex Xobeh
Qazlal
Ru
Sif Muna
Yredelemnul
Zin
Jiyva
Lugonu

Shops:
D:2 [   D:6 *   D:8 ==   D:13 !   Orc:1 :   Orc:2 *![*   Elf:1 :   Elf:3 :
Vaults:1 (   Vaults:5 ??!??   Depths:3 ([

Portals:
Hell: Depths:1 Depths:2 Depths:3 Depths:4
Abyss: D:13* Depths:3
Pandemonium: Depths:2
Ziggurat: Depths:3
Trove: D:13 (give +2 storm dragon scales)

Annotations:
D:5 exclusion: jelly
D:6 exclusion: ice beast
Spider:3 3 runed translucent doors, Lobster4's ghost, adept HOFE
Zot:1 6 transporters


Innate Abilities, Weirdness & Mutations

Your serpentine skin is tough. (AC +9)
You have supernaturally acute eyesight. (SInv)
Armour fits poorly on your strangely shaped body.
Your system is resistant to poisons. (rPois)
You cover ground very slowly.
You can spit poison.
You can use your snake-like lower body to constrict enemies.
You are mostly covered in iridescent scales. (AC +4)
You are dopey. (Int -2)
Your flesh is heat resistant. (rF+)
You occasionally shout uncontrollably at your foes.
You are weak. (Str -2)
You expend magic power (3 MP) to strengthen your wands.


Message History

The Executioner gestures.
The Executioner seems to speed up.
The Executioner misses you. x3; The Executioner closely misses you.
The Executioner hits you but does no damage. x2
The Executioner completely misses you. x2
The Executioner hits you but does no damage. x3
The Executioner closely misses you.
You barely miss the Executioner. Your grab misses the Executioner.
The Executioner completely misses you. The Executioner misses you.
The Executioner hits you but does no damage.
The Executioner closely misses you.
The Executioner hits you but does no damage. x2
You slash the Executioner! You freeze the Executioner.
Your grab misses the Executioner.
The Executioner is moderately wounded.
The Executioner hits you but does no damage.
The Executioner misses you. The Executioner closely misses you.
The Executioner barely misses you. The Executioner closely misses you.
The Executioner misses you.
You hit the Executioner. You grab the Executioner.
The Executioner is moderately wounded.
You constrict the Executioner, but do no damage.
The Executioner hits you! The Executioner closely misses you. x2
The Executioner hits you but does no damage. x3
You slice the Executioner!! You freeze the Executioner.
The Executioner is severely wounded.
You constrict the Executioner. The Executioner hits you.
The Executioner hits you but does no damage. x2
The Executioner completely misses you. x3
You slice the Executioner like a ripe choko!!!
You freeze the Executioner.
You kill the Executioner!
No target in view!
What level of the Dungeon? (default 1, ? - help) You're already here!
Okay, then.
Magic restored.
HP restored.
There is a staircase leading out of the dungeon here.
You have escaped!

...# #........########.##.....
...# ######....)######.##...##
...# ##...#.....#...##.##....#
...#### ##.8.#.....#.8.#........#
......# ##...#.....#...#######..#
......# ######.....###### ##..#
#.....# #...............# #....
......# #...............# #...#
#..#### #.......@.......# #....
##..## #...............## #....
##..# #................####..#. #
##.# ######.....#####.......#.
####.#####...#.....#...######..#.
........##.8.#.....#.8.## #....
.........#..!#.....#...## ##.##
.........#####.....###########.##
...........................##....


There were no monsters in sight!

Vanquished Creatures
  2 ancient liches (Zot:5)
  4 dread liches (Zot:5)
  2 orbs of fire (Zot:5)
  Mennas (Depths:3)
  Boris (twice) (Vaults:4 Depths:1)
  3 Killer Klowns
  Vv (Zot:3)
  4 curse toes
  2 shard shrikes (Zot:2)
  Xtahua (Vaults:3)
  Margery (Vaults:4)
  A profane servitor (D:5)
  12 golden dragons
  3 bone dragons (Depths:4)
  2 Tzitzimimeh
  3 electric golems
  A hellephant (Zot:5)
  14 tentacled monstrosities
  28 Orb Guardians
  2 liches
  3 titans
  4 deep elf master archers (Elf:3)
  5 deep elf blademasters (Elf:3)
  7 sphinxes
  3 quicksilver dragons
  Agnes (Elf:1)
  A tentacled starspawn (D:13)
  4 Executioners
  4 ancient champions (WizLab)
  14 storm dragons
  2 thorn hunters
  6 draconian monks
  6 death cobs
  Aizul (Swamp:2)
  2 tengu reavers
  A shadow dragon (Zot:4)
  2 fenstrider witches
  9 fire giants
  9 draconian knights
  8 vault wardens
  5 emperor scorpions
  3 revenants
  8 deep elf sorcerers
  4 draconian scorchers
  An iron dragon (Vaults:5)
  17 frost giants
  2 caustic shrike zombies
  3 deep elf elementalists (Elf:3)
  6 ghost moths
  A balrug (Depths:2)
  9 draconian shifters
  A reaper (Zot:3)
  19 ironbound preservers
  8 draconian stormcallers
  An orc warlord (Vaults:3)
  A demonspawn corrupter (Zot:3)
  2 juggernaut zombies (Depths:3)
  4 war gargoyles
  3 broodmothers
  20 very ugly things
  8 draconian annihilators
  7 stone giants
  2 juggernaut skeletons (Depths:3)
  4 ironbound thunderhulks
  9 eleionomae
  18 green draconians
  A lorocyproca (Zot:3)
  3 deep elf demonologists
  10 deep elf annihilators
  5 vampire knights
  A minotaur (Gauntlet)
  A demonspawn black sun (Zot:3)
  16 purple draconians
  16 black draconians
  8 red draconians
  3 bunyips
  2 halazid warlocks (WizLab)
  A spectral titan (WizLab)
  12 white draconians
  8 dire elephants
  14 yellow draconians
  3 eidola (WizLab)
  6 spark wasps (Depths:2)
  A spectral quicksilver dragon (WizLab)
  9 ettins
  2 crystal guardians
  5 deep elf high priests
  3 deep elf death magi
  A shambling mangrove (Swamp:2)
  11 yaktaur captains
  A quicksilver dragon zombie (WizLab)
  3 jiangshi
  10 fire dragons
  9 great orbs of eyes
  24 vault guards
  3 rakshasas
  12 entropy weavers
  2 peacekeepers
  2 spriggan air magi
  10 hydras
  3 ogre magi
  6 radroaches
  4 jorogumos
  6 ironbound frosthearts
  A death knight (D:14)
  13 ice dragons
  4 catoblepae
  6 ghost crabs
  6 two-headed ogres
  6 alligators
  A spriggan skeleton (Depths:3)
  7 boulder beetles
  A satyr (Depths:3)
  9 death yaks
  10 centaur warriors
  26 dancing weapons
  A two-headed ogre (shapeshifter) (Vaults:5)
  A deep troll shaman (Depths:3)
  A sphinx skeleton (Depths:3)
  2 tengu warriors
  3 titan zombies
  5 deep troll earth magi
  2 occultists (D:13)
  2 vampire magi
  5 spriggan berserkers
  8 demonic crawlers
  4 hell knights
  A sun demon (Depths:2)
  A storm dragon zombie (Depths:3)
  12 deep elf knights
  6 fire crabs
  2 soul eaters (Depths:1)
  A fire crab (shapeshifter) (Vaults:5)
  3 skeletal warriors
  2 shadow wraiths (WizLab)
  5 sun moths
  7 iron trolls
  A storm dragon skeleton (Depths:3)
  6 pharaoh ants
  8 goliath frogs
  3 glowing orange brains
  6 deep elf archers
  5 swamp dragons
  A spriggan druid (Swamp:4)
  3 spark wasp zombies
  A golden dragon zombie (Depths:3)
  2 shadow demons (Zot:5)
  A cherub (D:15)
  3 flayed ghosts
  5 bog bodies
  An obsidian statue (Gauntlet)
  51 deep trolls
  2 golden dragon skeletons
  12 orb spiders
  2 shadow dragon zombies
  2 lindwurms (Swamp:4)
  A steelbarb worm (shapeshifter) (Vaults:5)
  2 harpies (shapeshifter)
  6 necromancers
  13 arcanists
  9 phantasmal warriors
  9 steelbarb worms
  9 orc knights
  An oklob plant (Swamp:4)
  A wolf spider zombie (WizLab)
  A frost giant zombie (Depths:3)
  A mana viper (shapeshifter) (Depths:2)
  6 large abominations
  25 deep elf zephyrmancers
  2 mana vipers
  A tengu skeleton (Vaults:2)
  A glowing shapeshifter (Vaults:3)
  2 orc sorcerers
  12 ironbound convokers
  9 wolf spiders
  29 ugly things
  A faun (shapeshifter) (Vaults:5)
  A shining eye (Vaults:3)
  17 deep elf pyromancers
  19 moths of wrath
  2 cyclopes
  5 manticores
  7 will-o-the-wisps
  2 spectral spriggans (WizLab)
  A salamander (Vaults:5)
  4 elephants (Lair:4)
  A toenail golem (Zot:2)
  2 apocalypse crabs
  A frost giant skeleton (Vaults:2)
  2 iron dragon skeletons
  3 kobold blastminers (Orc:2)
  8 torpor snails
  19 vault sentinels
  An eye of devastation (Vaults:4)
  A gargoyle (D:10)
  4 black mambas
  A rust devil (Depths:1)
  A water nymph (shapeshifter) (Vaults:5)
  An unseen horror (D:11)
  2 smoke demons
  2 centaur skeletons (D:15)
  8 rime drakes
  10 cane toads
  A kobold demonologist (D:11)
  2 human zombies (Vaults:2)
  A yaktaur zombie (Vaults:2)
  2 freezing wraiths
  7 komodo dragons
  20 yaktaurs
  A hellion (Zot:3)
  2 spectral harpies (WizLab)
  3 tengu conjurers
  5 meliai
  2 harpy zombies (WizLab)
  A troll (shapeshifter) (Elf:1)
  8 trolls
  29 tarantellas
  4 polar bears
  12 hornets
  6 tyrant leeches
  2 wind drakes
  A glass eye (Vaults:1)
  A dream sheep (Depths:3)
  13 jumping spiders
  A spriggan zombie (WizLab)
  8 blink frogs
  An ettin zombie (Depths:2)
  A human simulacrum (Vaults:2)
  28 slime creatures
  11 flying skulls
  2 air elementals (Elf:1)
  12 culicivoras
  A ynoxinul (Depths:2)
  A centaur simulacrum (D:15)
  2 water elementals (Elf:3)
  4 wraiths
  7 wyverns
  12 spriggans
  A spriggan (shapeshifter) (D:14)
  5 shadows
  6 starcursed masses (D:13)
  An elf zombie (Vaults:2)
  A fire elemental (Elf:3)
  31 yaks
  4 basilisks
  7 golden eyes
  A fire bat (Vaults:3)
  47 redbacks
  A hog (Vaults:3)
  4 steam dragons
  A chaos spawn (D:15)
  A swamp worm (shapeshifter) (Vaults:5)
  12 vampire mosquitoes
  14 swamp worms
  3 wargs
  2 glowing shapeshifter zombies (Depths:3)
  5 acid dragons
  A water moccasin (shapeshifter) (Elf:1)
  A hell hound (Spider:1)
  13 water moccasins
  4 black bears
  A glowing shapeshifter skeleton (Depths:3)
  A swamp drake (shapeshifter) (D:14)
  A hornet zombie (D:15)
  35 orc warriors
  13 swamp drakes
  An ice beast (Swamp:4)
  4 boggarts
  A tengu (Spider:1)
  4 ogres
  19 centaurs
  30 wolves
  2 kobold brigands
  4 necrophages (Lair:3)
  A brain worm (Vaults:2)
  11 bullfrogs
  A human skeleton (Vaults:2)
  2 earth elementals
  4 wights
  16 killer bees
  2 electric eels
  2 howler monkeys
  A lava snake (Swamp:4)
  4 hounds
  17 orc priests
  2 sleepcaps
  17 orc wizards
  2 hell rats
  A boggart skeleton (D:15)
  Robin (D:2)
  5 gnolls
  8 adders
  A river rat (Orc:2)
  2 white imps
  A worm (Swamp:4)
  A dart slug (D:4)
  78 orcs
  7 ball pythons
  8 bats
  8 endoplasms
  5 giant cockroaches
  13 goblins
  6 hobgoblins
  2 jackals (D:1)
  5 quokkas
  3 frilled lizards
  15 kobolds
  8 rats
  A starspawn tentacle (D:13)
1886 creatures vanquished.

Vanquished Creatures (collateral kills)
  An ancient lich (Zot:5)
  A Killer Klown (Zot:5)
  A tentacled monstrosity (Vaults:5)
  2 Orb Guardians (Zot:5)
  A deep elf master archer (Elf:3)
  A vault warden (Vaults:5)
  Louise (Swamp:3)
  A green draconian (Zot:5)
  A vampire knight (Depths:3)
  A halazid warlock (WizLab)
  A deep elf death mage (WizLab)
  2 ettins (Vaults:5)
  A spectral quicksilver dragon (WizLab)
  A yaktaur captain (Vaults:5)
  An ogre mage (Vaults:5)
  2 vault guards (Vaults:5)
  3 hydras
  A deep troll earth mage (Vaults:5)
  A boulder beetle (Spider:4)
  A death yak (Lair:5)
  2 swamp dragons
  An iron troll (Vaults:5)
  A necromancer (WizLab)
  A steelbarb worm (Spider:4)
  2 will-o-the-wisps (Swamp:3)
  2 yaktaurs (Vaults:5)
  A hornet (Swamp:3)
  A spriggan (Swamp:3)
  A flying skull (Depths:3)
  5 swamp worms
  An ice beast (D:6)
  A wight (D:7)
  A killer bee (D:10)
  A gnoll bouda (D:4)
  A gnoll (D:4)
  A goblin (D:4)
  A hobgoblin (D:4)
49 creatures vanquished.

Vanquished Creatures (others)
  A draconian knight (Zot:5)
  2 occultists
  A swamp dragon (Swamp:4)
  A swamp drake (Vaults:2)
  A ball python (D:10)
  32 foxfires
  3 starspawn tentacles (D:13)
41 creatures vanquished.

Grand Total: 1976 creatures vanquished

Notes
Turn   | Place    | Note
-------+----------+-------------------------------------------
     0 | D:5      | RBrandon the Naga Delver began the quest for the Orb.
     0 | D:5      | Reached XP level 1. HP: 21/21 MP: 1/1
    61 | D:4      | Noticed an orc priest
    78 | D:4      | Reached XP level 2. HP: 21/28 MP: 2/2
   160 | D:4      | Reached XP level 3. HP: 36/36 MP: 3/3
   193 | D:4      | Noticed a black bear
   466 | D:2      | Found Douriojo's Armour Emporium.
   664 | D:2      | Found a sparkling altar of Nemelex Xobeh.
   685 | D:2      | Reached XP level 4. HP: 21/45 MP: 4/4
   782 | D:2      | Became a worshipper of Nemelex Xobeh the Trickster
   821 | D:2      | Noticed Robin
   839 | D:2      | Killed Robin
   840 | D:2      | Reached skill level 1 in Polearms
  1491 | D:1      | Reached * piety under Nemelex Xobeh
  1491 | D:1      | Received a gift from Nemelex Xobeh
  1872 | D:3      | Reached XP level 5. HP: 41/51 MP: 5/5
  2047 | D:3      | Reached skill level 1 in Invocations
  2111 | D:3      | Received a gift from Nemelex Xobeh
  2566 | D:4      | Reached XP level 6. HP: 50/60 MP: 8/8
  2587 | D:4      | Reached ** piety under Nemelex Xobeh
  2787 | D:4      | Killed a black bear
  2788 | D:4      | Reached skill level 5 in Invocations
  2788 | D:4      | Reached XP level 7. HP: 66/66 MP: 11/11
  2903 | D:2      | Bought a +0 barding for 230 gold pieces
  3041 | D:5      | Reached skill level 1 in Armour
  3130 | D:5      | Found a sacrificial altar of Ru.
  3381 | D:6      | Found Ronoyhu's Overcharged Wands.
  3436 | D:6      | Found Loaluall's General Store.
  3525 | D:6      | Identified the -1 long sword "Oshrof" {drain, rF+ Str+5}
  3607 | D:6      | Reached XP level 8. HP: 53/73 MP: 12/12
  4284 | D:7      | Reached *** piety under Nemelex Xobeh
  4284 | D:7      | Received a gift from Nemelex Xobeh
  4579 | D:7      | Reached skill level 5 in Armour
  4795 | D:7      | Found a staircase to the Ecumenical Temple.
  4812 | D:7      | Reached skill level 5 in Fighting
  5561 | D:8      | Reached XP level 9. HP: 67/74 MP: 13/13
  5694 | D:8      | Noticed a hornet
  5706 | D:8      | Killed a hornet
  5849 | D:8      | Found Luecem's Jewellery Boutique.
  5888 | D:8      | Received a gift from Nemelex Xobeh
  5907 | D:8      | Identified the +6 leather armour "Yfoivoi" {rF+}
  6046 | D:8      | Received a gift from Nemelex Xobeh
  6049 | D:8      | Found Pic Myha's Jewellery Shop.
  6324 | D:2      | Bought a +2 pair of gloves of infusion for 215 gold pieces
  6711 | D:9      | Found a snail-covered altar of Cheibriados.
  6730 | D:9      | Reached **** piety under Nemelex Xobeh
  6792 | D:9      | Found a glowing silver altar of Zin.
  6827 | D:9      | Noticed a manticore
  7422 | D:9      | Killed a manticore
  7423 | D:9      | Reached XP level 10. HP: 94/94 MP: 16/16
  7839 | D:10     | Entered Level 10 of the Dungeon
  7955 | D:10     | Noticed a death yak
  7955 | D:10     | Noticed a death yak
  7972 | D:10     | Killed a death yak
  7990 | D:10     | Noticed a death yak
  7993 | D:10     | Found a staircase to the Lair.
  7999 | D:10     | Killed a death yak
  8017 | D:10     | Killed a death yak
  8018 | D:10     | Reached skill level 10 in Invocations
  8018 | D:10     | Reached XP level 11. HP: 31/106 MP: 18/18
  8025 | D:10     | HP: 1/106 [yak (11)]
  8349 | D:10     | Noticed a two-headed ogre
  8360 | D:10     | Killed a two-headed ogre
  8969 | D:10     | Reached skill level 1 in Long Blades
  8990 | D:10     | Reached skill level 2 in Long Blades
  9311 | D:10     | Reached skill level 3 in Long Blades
  9633 | Lair:1   | Entered Level 1 of the Lair of Beasts
  9681 | Lair:1   | Reached skill level 4 in Long Blades
  9727 | Lair:1   | Reached skill level 5 in Long Blades
  9917 | Lair:1   | Received a gift from Nemelex Xobeh
 10053 | Lair:1   | Reached skill level 6 in Long Blades
 10159 | Lair:1   | Reached skill level 7 in Long Blades
 10400 | Lair:1   | Reached ***** piety under Nemelex Xobeh
 10433 | Lair:1   | Received a gift from Nemelex Xobeh
 10667 | Lair:2   | Reached skill level 8 in Long Blades
 10667 | Lair:2   | Reached XP level 12. HP: 107/115 MP: 17/19
 10711 | Lair:2   | Found a hole to the Spider Nest.
 11427 | Lair:2   | Found a staircase to the Swamp.
 11470 | Lair:2   | Reached skill level 9 in Long Blades
 11869 | Lair:3   | Noticed a five-headed hydra
 11885 | Lair:3   | Received a gift from Nemelex Xobeh
 11952 | Lair:3   | Reached skill level 5 in Dodging
 12090 | Lair:3   | Received a gift from Nemelex Xobeh
 12195 | Lair:3   | Reached skill level 10 in Long Blades
 12336 | Lair:3   | Received a gift from Nemelex Xobeh
 12434 | Lair:3   | Killed a five-headed hydra
 12776 | Lair:4   | Received a gift from Nemelex Xobeh
 13304 | Lair:4   | Received a gift from Nemelex Xobeh
 13413 | Lair:4   | Gained mutation: You can use your snake-like lower body to
                  | constrict enemies. [Naga growth]
 13413 | Lair:4   | Reached XP level 13. HP: 121/121 MP: 18/20
 13513 | Lair:4   | Reached skill level 5 in Evocations
 13869 | Lair:5   | Entered Level 5 of the Lair of Beasts
 13873 | Lair:5   | Found a gate leading to a gauntlet.
 13876 | Lair:5   | Reached skill level 11 in Long Blades
 13885 | Lair:5   | Identified a scroll of acquirement
 13896 | Lair:5   | Acquired the amulet "Xoekkag" {Spirit rF+}
 13910 | Lair:5   | Received a gift from Nemelex Xobeh
 13928 | Gauntlet | Entered a Gauntlet
 13928 | Gauntlet | Found a transporter.
 13928 | Gauntlet | Found a transporter.
 13932 | Gauntlet | Found a transporter.
 13933 | Gauntlet | Found a transporter.
 13982 | Gauntlet | Found a transporter.
 14001 | Gauntlet | Found a transporter.
 14005 | Gauntlet | Found a transporter.
 14011 | Gauntlet | Found a transporter.
 14011 | Gauntlet | Found a transporter.
 14072 | Gauntlet | Found a transporter.
 14131 | Gauntlet | Found a transporter.
 14273 | Gauntlet | Found a transporter.
 14276 | Gauntlet | Found a transporter.
 14297 | Gauntlet | Identified the +1 hat of Disappointment {rC+ Stlth+}
 14366 | Gauntlet | Noticed a minotaur
 14369 | Gauntlet | Killed a minotaur
 14374 | Gauntlet | Identified the +0 ring mail "Ucvec" {Regen+}
 14408 | Lair:5   | Received a gift from Nemelex Xobeh
 14445 | Lair:5   | Found a frozen archway.
 14602 | Lair:5   | Found a viscous altar of Jiyva.
 14602 | Lair:5   | Found a staircase to the Slime Pits.
 15156 | Lair:5   | Reached skill level 12 in Long Blades
 15194 | Lair:5   | Reached XP level 14. HP: 50/129 MP: 13/21
 15444 | Lair:5   | Received a gift from Nemelex Xobeh
 15467 | Lair:5   | Learned a level 2 spell: Blink
 15470 | Lair:5   | Learned a level 2 spell: Lesser Beckoning
 15672 | Lair:5   | Reached ****** piety under Nemelex Xobeh
 15860 | Lair:5   | Reached skill level 13 in Long Blades
 16186 | D:11     | Received a gift from Nemelex Xobeh
 16359 | D:11     | Found a staircase to the Orcish Mines.
 16835 | D:11     | Received a gift from Nemelex Xobeh
 16951 | Orc:1    | Entered Level 1 of the Orcish Mines
 17133 | Orc:2    | Entered Level 2 of the Orcish Mines
 17133 | Orc:2    | Found a staircase to the Elven Halls.
 17662 | Orc:2    | Found Hoemoiri's General Store.
 17672 | Orc:2    | Received a gift from Nemelex Xobeh
 17694 | Orc:2    | Bought a potion of curing for 48 gold pieces
 17694 | Orc:2    | Bought a potion of curing for 48 gold pieces
 17694 | Orc:2    | Bought a potion of might for 64 gold pieces
 17694 | Orc:2    | Bought a scroll of identify for 32 gold pieces
 18152 | Orc:2    | Reached skill level 10 in Fighting
 18174 | Orc:2    | Received a gift from Nemelex Xobeh
 18386 | Orc:2    | Noticed an orc warlord
 18396 | Orc:2    | an orc warlord changed into a wind drake
 18654 | Orc:2    | Found Hulewnack's Antique Weapon Shoppe.
 18654 | Orc:2    | Found Nutos's Distillery.
 18656 | Orc:2    | Found Daesoa's Armour Shop.
 18658 | Orc:2    | Found Uliroph's General Store.
 18662 | Orc:2    | Bought a potion of resistance for 170 gold pieces
 18677 | Orc:2    | Bought a +2 helmet of see invisible for 365 gold pieces
 19039 | Orc:1    | Received a gift from Nemelex Xobeh
 19482 | Orc:1    | Found Feenit's Book Emporium.
 19773 | D:12     | Received a gift from Nemelex Xobeh
 19931 | D:12     | Got the Guide on Spellbinding
 20173 | D:12     | Found a shimmering blue altar of Sif Muna.
 20177 | D:12     | Got the Omnibus of the Prime Damned
 20249 | D:12     | Found a runed translucent door.
 20474 | D:12     | Got the Almanac of Amalgamated Charms
 20875 | D:12     | Reached XP level 15. HP: 142/142 MP: 17/22
 21238 | D:12     | Reached skill level 10 in Dodging
 21534 | D:13     | Found Teagom's Distillery.
 21911 | D:13     | Acquired a ring of willpower
 21913 | D:13     | Acquired a manual of Long Blades
 21915 | D:13     | Acquired the +3 barding of Beastly the Good {rElec rF+ rN+
                  | Int-4}
 21930 | D:13     | Acquired a manual of Armour
 22148 | D:13     | Reached skill level 10 in Armour
 22173 | D:13     | Received a gift from Nemelex Xobeh
 22338 | D:13     | Found a portal to a secret trove of treasure.
 22416 | D:13     | Found a one-way gate to the infinite horrors of the Abyss.
 22420 | D:13     | Found a corrupted altar of Lugonu.
 22483 | D:13     | Noticed a tentacled starspawn
 22495 | D:13     | Killed a tentacled starspawn
 22528 | D:13     | Found the +8 demon trident "Rift" {distort, reach+}
 23043 | D:14     | Received a gift from Nemelex Xobeh
 23078 | D:14     | Found a gate to the Vaults.
 23845 | D:15     | Entered Level 15 of the Dungeon
 23976 | D:15     | Received a gift from Nemelex Xobeh
 24725 | D:15     | Found a staircase to the Depths.
 25072 | D:8      | Bought a +6 ring of dexterity for 540 gold pieces
 25207 | Swamp:1  | Entered Level 1 of the Swamp
 25211 | Swamp:1  | Reached XP level 16. HP: 152/152 MP: 20/23
 25243 | Swamp:1  | Received a gift from Nemelex Xobeh
 25744 | Swamp:1  | Acquired a manual of Invocations
 25782 | Swamp:1  | Noticed a fenstrider witch
 25789 | Swamp:1  | Killed a fenstrider witch
 25912 | Swamp:1  | Received a gift from Nemelex Xobeh
 26401 | Swamp:2  | Noticed a thorn hunter
 26429 | Swamp:2  | Killed a thorn hunter
 26581 | Swamp:2  | Identified the serpent talisman "Yfita" {rElec rCorr MP-9
                  | Stlth-}
 26581 | Swamp:2  | Noticed Aizul
 26664 | Swamp:2  | You fall into a shaft and drop 1 floor!
 26664 | Swamp:3  | Noticed a thorn hunter
 26670 | Swamp:3  | Killed a thorn hunter
 26962 | Swamp:3  | Noticed Louise
 26981 | Swamp:3  | Killed Louise
 27388 | Swamp:4  | Entered Level 4 of the Swamp
 27495 | Swamp:4  | Noticed a thorn hunter
 27508 | Swamp:4  | a thorn hunter changed into an oklob plant
 27840 | Swamp:4  | Received a gift from Nemelex Xobeh
 28009 | Swamp:4  | Reached skill level 15 in Invocations
 28060 | Swamp:4  | Reached XP level 17. HP: 158/159 MP: 24/28
 28265 | Swamp:4  | Got a decaying rune of Zot
 28331 | Swamp:2  | Killed Aizul
 29142 | Swamp:2  | Received a gift from Nemelex Xobeh
 29239 | Spider:1 | Entered Level 1 of the Spider Nest
 29423 | Spider:1 | Reached skill level 14 in Long Blades
 29958 | Spider:1 | Reached skill level 15 in Long Blades
 30822 | Spider:2 | Reached skill level 16 in Long Blades
 31820 | Spider:3 | Reached skill level 17 in Long Blades
 31942 | Spider:3 | Received a gift from Nemelex Xobeh
 32106 | Spider:3 | Gained mutation: You are vulnerable to heat. (rF-)
                  | [mutagenic glow]
 32107 | Spider:3 | Lost mutation: You are vulnerable to heat. (rF-) [potion of
                  | mutation]
 32107 | Spider:3 | Gained mutation: You have a pair of small horns on your
                  | head. [potion of mutation]
 32107 | Spider:3 | Gained mutation: You sometimes lose your temper in combat.
                  | [potion of mutation]
 32107 | Spider:3 | Gained mutation: You can exhale a cloud of poison. [potion
                  | of mutation]
 32255 | Spider:3 | Reached skill level 18 in Long Blades
 32739 | Spider:3 | Reached XP level 18. HP: 168/168 MP: 27/30
 32781 | Spider:3 | Found a runed translucent gate.
 32781 | Spider:3 | Found a runed translucent gate.
 32781 | Spider:3 | Found a runed translucent gate.
 32783 | Spider:3 | Noticed Lobster4's ghost (adept HOFE)
 33105 | Spider:4 | Entered Level 4 of the Spider Nest
 33111 | Spider:4 | Reached skill level 19 in Long Blades
 33121 | Spider:4 | Received a gift from Nemelex Xobeh
 33800 | Spider:4 | Received a gift from Nemelex Xobeh
 33850 | Spider:4 | Reached skill level 20 in Long Blades
 34416 | Spider:4 | Received a gift from Nemelex Xobeh
 34500 | Spider:4 | Got a gossamer rune of Zot
 34705 | Spider:4 | Identified the +0 hat "Naplob" {Slay+3}
 34987 | Vaults:1 | Entered Level 1 of the Vaults
 35093 | Vaults:1 | Reached skill level 21 in Long Blades
 35265 | Vaults:1 | Received a gift from Nemelex Xobeh
 35760 | Vaults:1 | Found Jaur Mamp's Antique Weapon Shoppe.
 35845 | Vaults:1 | You fall into a shaft and drop 1 floor!
 35889 | Vaults:2 | Reached XP level 19. HP: 135/177 MP: 0/31
 35958 | Vaults:2 | Learned a level 1 spell: Apportation
 35973 | Vaults:2 | Received a gift from Nemelex Xobeh
 36014 | Vaults:2 | Found a magical portal.
 36033 | WizLab   | Entered Borgnjor's Mausoleum
 36653 | WizLab   | Reached skill level 1 in Translocations
 37667 | Vaults:1 | Received a gift from Nemelex Xobeh
 37723 | Vaults:1 | Reached skill level 5 in Translocations
 38046 | Vaults:2 | Received a gift from Nemelex Xobeh
 38046 | Vaults:2 | Found a staircase to the Crypt.
 38046 | Vaults:2 | Found a basalt altar of Yredelemnul.
 38047 | Vaults:2 | Found an ancient bone altar of Kikubaaqudgha.
 38810 | Vaults:2 | Received a gift from Nemelex Xobeh
 39357 | Vaults:3 | Noticed Xtahua
 39372 | Vaults:3 | Killed Xtahua
 39466 | Vaults:3 | Gained mutation: You have hidden genetic defects. [a
                  | shining eye]
 39628 | D:13     | Bought 2 potions of mutation for 256 gold pieces
 39628 | D:13     | Lost mutation: You have a pair of small horns on your head.
                  | [potion of mutation]
 39628 | D:13     | Lost mutation: You sometimes lose your temper in combat.
                  | [potion of mutation]
 39628 | D:13     | Gained mutation: Your flesh is cold resistant. (rC+)
                  | [potion of mutation]
 39628 | D:13     | Gained mutation: Your flesh is very cold resistant. (rC++)
                  | [potion of mutation]
 39630 | D:13     | Lost mutation: Your flesh is very cold resistant. (rC++)
                  | [potion of mutation]
 39630 | D:13     | Lost mutation: You can exhale a cloud of poison. [potion of
                  | mutation]
 39630 | D:13     | Lost mutation: Your flesh is cold resistant. (rC+) [potion
                  | of mutation]
 39630 | D:13     | Gained mutation: You expend magic power (3 MP) to
                  | strengthen your wands. [potion of mutation]
 39630 | D:13     | Gained mutation: You have a somewhat thin skeletal
                  | structure. (Dex +2, Stealth+) [potion of mutation]
 39630 | D:13     | Gained mutation: You possess an exceptional clarity of
                  | mind. [potion of mutation]
 39630 | D:13     | Gained mutation: You are agile. (Dex +4, Str/Int -1)
                  | [potion of mutation]
 39632 | D:13     | Bought a potion of mutation for 128 gold pieces
 39923 | Vaults:3 | Found a huge runed gate.
 39923 | Vaults:3 | Found a huge runed gate.
 39923 | Vaults:3 | Found a huge runed gate.
 39923 | Vaults:3 | Found a huge runed gate.
 39923 | Vaults:3 | Found a huge runed gate.
 39924 | Vaults:3 | Found a huge runed gate.
 39924 | Vaults:3 | Found a huge runed gate.
 39924 | Vaults:3 | Found a huge runed gate.
 39924 | Vaults:3 | Found a huge runed gate.
 39924 | Vaults:3 | Found a huge runed gate.
 39925 | Vaults:3 | Found a huge runed gate.
 39925 | Vaults:3 | Found a huge runed gate.
 39926 | Vaults:3 | Found a huge runed gate.
 39942 | Vaults:3 | Found a huge runed gate.
 39943 | Vaults:3 | Found a huge runed gate.
 39951 | Vaults:3 | Found a huge runed gate.
 39951 | Vaults:3 | Found a huge runed gate.
 39951 | Vaults:3 | Found a huge runed gate.
 39951 | Vaults:3 | Found a huge runed gate.
 39951 | Vaults:3 | Found a huge runed gate.
 39951 | Vaults:3 | Found a huge runed gate.
 39952 | Vaults:3 | Found a huge runed gate.
 39953 | Vaults:3 | Found a huge runed gate.
 39954 | Vaults:3 | Found a huge runed gate.
 39963 | Vaults:3 | Found a huge runed gate.
 39963 | Vaults:3 | Found a huge runed gate.
 39963 | Vaults:3 | Found a huge runed gate.
 39963 | Vaults:3 | Found a huge runed gate.
 39963 | Vaults:3 | Found a huge runed gate.
 39963 | Vaults:3 | Found a huge runed gate.
 39964 | Vaults:3 | Found a huge runed gate.
 39965 | Vaults:3 | Found a huge runed gate.
 39966 | Vaults:3 | Found a huge runed gate.
 39975 | Vaults:3 | Found a huge runed gate.
 39975 | Vaults:3 | Found a huge runed gate.
 39975 | Vaults:3 | Found a huge runed gate.
 40013 | Vaults:3 | Learned a level 4 spell: Manifold Assault
 40020 | Vaults:3 | Learned a level 3 spell: Volatile Blastmotes
 40048 | Vaults:3 | Reached skill level 1 in Spellcasting
 40088 | Vaults:3 | Received a gift from Nemelex Xobeh
 40140 | Vaults:3 | Reached XP level 20. HP: 181/189 MP: 26/32
 40561 | Vaults:3 | Gained mutation: Your spells are a little easier to cast,
                  | but a little less powerful. [hidden defects]
 40820 | Vaults:3 | Reached skill level 5 in Spellcasting
 41027 | Vaults:3 | Noticed a golden dragon
 41029 | Vaults:3 | Noticed a golden dragon
 41038 | Vaults:3 | Killed a golden dragon
 41039 | Vaults:3 | Killed a golden dragon
 41043 | Vaults:3 | Gained mutation: You occasionally lose the ability to read
                  | scrolls when taking damage. [hidden defects]
 41043 | Vaults:3 | Lost mutation: You have hidden genetic defects. [hidden
                  | defects expressed]
 41044 | Vaults:3 | Lost mutation: You possess an exceptional clarity of mind.
                  | [potion of mutation]
 41044 | Vaults:3 | Lost mutation: You are agile. (Dex +4, Str/Int -1) [potion
                  | of mutation]
 41044 | Vaults:3 | Lost mutation: You have a somewhat thin skeletal structure.
                  | (Dex +2, Stealth+) [potion of mutation]
 41044 | Vaults:3 | Gained mutation: You have a pair of small horns on your
                  | head. [potion of mutation]
 41044 | Vaults:3 | Gained mutation: Your flesh is heat resistant. (rF+)
                  | [potion of mutation]
 41044 | Vaults:3 | Gained mutation: Your natural rate of healing is unusually
                  | fast. [potion of mutation]
 42060 | Vaults:4 | Received a gift from Nemelex Xobeh
 42240 | Vaults:4 | Noticed Boris
 42252 | Vaults:4 | Killed Boris
 42435 | Vaults:4 | Noticed Margery
 42473 | Vaults:4 | Killed Margery
 42846 | Vaults:4 | Reached XP level 21. HP: 199/199 MP: 31/33
 43060 | Vaults:5 | Entered Level 5 of the Vaults
 43110 | Vaults:5 | Reached skill level 15 in Armour
 43209 | Vaults:5 | Got the Directory of Gusty Effluvium
 43212 | Vaults:5 | Lost mutation: You have a pair of small horns on your head.
                  | [potion of mutation]
 43212 | Vaults:5 | Lost mutation: You expend magic power (3 MP) to strengthen
                  | your wands. [potion of mutation]
 43212 | Vaults:5 | Lost mutation: Your natural rate of healing is unusually
                  | fast. [potion of mutation]
 43212 | Vaults:5 | Gained mutation: You are weak. (Str -2) [potion of
                  | mutation]
 43227 | Vaults:5 | Received a gift from Nemelex Xobeh
 43245 | Vaults:5 | Reached skill level 15 in Fighting
 43335 | Vaults:5 | Noticed a golden dragon
 43345 | Vaults:5 | Killed a golden dragon
 43697 | Vaults:5 | Identified the ring of Syittim {rF+ Will- rCorr Str+4}
 43699 | Vaults:5 | Noticed a golden dragon
 44291 | Vaults:5 | Identified the +0 ring mail "Dysmudih" {Rampage rC- rN+++
                  | Slay+2}
 44702 | Vaults:5 | Reached skill level 10 in Evocations
 44803 | Vaults:5 | Found Jalokack's Magic Scroll Shop.
 44803 | Vaults:5 | Found Huaciv's Magic Scroll Shoppe.
 44822 | Vaults:5 | Bought a scroll of enchant weapon for 90 gold pieces
 44838 | Vaults:5 | Bought a scroll of enchant weapon for 157 gold pieces
 44846 | Vaults:5 | Found Guilibic's Distillery.
 44856 | Vaults:5 | Bought a potion of heal wounds for 65 gold pieces
 44856 | Vaults:5 | Bought a potion of heal wounds for 65 gold pieces
 44863 | Vaults:5 | Got a silver rune of Zot
 44879 | Vaults:5 | Found Vethutt's Magic Scroll Emporium.
 44883 | Vaults:5 | Bought a scroll of blinking for 112 gold pieces
 44883 | Vaults:5 | Bought 2 scrolls of blinking for 225 gold pieces
 44887 | Vaults:5 | Upgraded the game from 0.31-a0-1172-g9944ec47dd to
                  | 0.31-a0-1178-gc5c9b8f871
 45050 | Vaults:5 | Acquired 832 gold pieces
 45053 | Vaults:5 | Found Dudiruos's Magic Scroll Shoppe.
 45058 | Vaults:5 | Bought a scroll of enchant weapon for 90 gold pieces
 45058 | Vaults:5 | Bought a scroll of fog for 48 gold pieces
 45058 | Vaults:5 | Bought a scroll of fog for 48 gold pieces
 45130 | Vaults:5 | Received a gift from Nemelex Xobeh
 45315 | Vaults:5 | Identified the +9 halberd of RBrandon's Execution {freeze,
                  | Will++ Str+2}
 45343 | Vaults:5 | Reached XP level 22. HP: 116/210 MP: 3/34
 45622 | Vaults:5 | Killed a golden dragon
 45917 | Vaults:5 | Reached skill level 15 in Dodging
 46469 | Elf:1    | Entered Level 1 of the Elven Halls
 46771 | Elf:1    | Noticed Agnes
 46776 | Elf:1    | Killed Agnes
 46793 | Elf:1    | Found Liboegixt's Book Shoppe.
 46803 | Elf:1    | Bought a There-And-Back Book for 330 gold pieces
 46868 | Elf:1    | Paralysed by an air elemental for 1 turns
 47018 | Elf:1    | Received a gift from Nemelex Xobeh
 47422 | Elf:2    | Found a runed translucent gate.
 47431 | Elf:2    | Found a runed translucent gate.
 47431 | Elf:2    | Found a runed translucent gate.
 47756 | Elf:2    | Lost mutation: You occasionally lose the ability to read
                  | scrolls when taking damage. [potion of mutation]
 47756 | Elf:2    | Lost mutation: Your spells are a little easier to cast, but
                  | a little less powerful. [potion of mutation]
 47756 | Elf:2    | Gained mutation: You are partially covered in iridescent
                  | scales. (AC +2) [potion of mutation]
 47756 | Elf:2    | Gained mutation: You are dopey. (Int -2) [potion of
                  | mutation]
 47756 | Elf:2    | Gained mutation: You expend magic power (3 MP) to
                  | strengthen your wands. [potion of mutation]
 47756 | Elf:2    | Gained mutation: You are mostly covered in iridescent
                  | scales. (AC +4) [potion of mutation]
 47764 | Elf:2    | Learned a level 6 spell: Dispersal
 47977 | Elf:2    | Reached skill level 10 in Translocations
 48182 | Elf:2    | Received a gift from Nemelex Xobeh
 48528 | Elf:3    | Entered Level 3 of the Elven Halls
 49032 | Elf:3    | Found Dinnit's Self-Published Books.
 49274 | Elf:3    | Reached XP level 23. HP: 202/223 MP: 28/35
 49487 | Elf:3    | Received a gift from Nemelex Xobeh
 49598 | Elf:3    | Got the Quarto of the Blasted Compass
 49604 | Elf:3    | Got the Textbook on the Lungs and Filth
 49643 | Elf:3    | Identified the +3 hand axe "Arbiter" {chaos, Fly Dex+2}
 49666 | Elf:3    | Got the Precepts of the Pyromaniac and Assaults
 49669 | Elf:3    | Identified the +8 rapier "Unia" {protect, rN+ Str+3 Stlth+}
 49792 | Elf:3    | Identified the ring "Tuemuaz" {rPois rF+ Will- Int+3} (You
                  | took it off a deep elf elementalist on level 3 of the Elven
                  | Halls)
 49990 | Depths:1 | Entered Level 1 of the Depths
 50110 | Depths:1 | Noticed Boris
 50123 | Depths:1 | Killed Boris
 50199 | Depths:1 | Received a gift from Nemelex Xobeh
 50386 | Depths:1 | Found a gateway to Hell.
 51241 | Depths:2 | Found a one-way gate leading to the halls of Pandemonium.
 51376 | Depths:2 | Received a gift from Nemelex Xobeh
 51378 | Depths:2 | Noticed a golden dragon
 51384 | Depths:2 | Killed a golden dragon
 51663 | Depths:2 | Identified the +7 morningstar of the Living Dead {heavy,
                  | rF+ rN+ Will+ Int+3}
 52454 | Depths:2 | Received a gift from Nemelex Xobeh
 53541 | Depths:3 | Found a one-way gateway to a ziggurat.
 53542 | Depths:3 | Noticed the Enchantress
 53545 | Depths:3 | the Enchantress changed into the Enchantress the ice dragon
 53545 | Depths:3 | Noticed the Enchantress
 53550 | Depths:3 | Killed the Enchantress the ice dragon
 53834 | Depths:3 | Noticed Mennas
 53848 | Depths:3 | Killed Mennas
 53849 | Depths:3 | Reached XP level 24. HP: 224/236 MP: 27/35
 53968 | Depths:3 | Received a gift from Nemelex Xobeh
 54115 | Depths:3 | Found Kinlisawk's Armour Boutique.
 54122 | Depths:3 | Found Ehaka's Weapon Shop.
 54699 | Depths:4 | Entered Level 4 of the Depths
 54800 | Depths:4 | Received a gift from Nemelex Xobeh
 55015 | Depths:4 | Upgraded the game from 0.31-a0-1178-gc5c9b8f871 to
                  | 0.31-a0-1204-ge2c1a860ed
 55278 | Depths:4 | Found a gate to the Realm of Zot.
 55745 | Depths:4 | Identified the +4 halberd of Wyrd {flame, *Noise rCorr
                  | Str+9 Int-2}
 56214 | Zot:1    | Entered Level 1 of the Realm of Zot
 56215 | Zot:1    | You fall into a shaft and drop 1 floor!
 56217 | Zot:2    | Noticed a Killer Klown
 56218 | Zot:2    | Received a gift from Nemelex Xobeh
 56413 | Zot:1    | Found a transporter.
 56418 | Zot:1    | Found a transporter.
 56438 | Zot:1    | Noticed a curse toe
 56457 | Zot:1    | Killed a curse toe
 56692 | Zot:1    | Found a transporter.
 56709 | Zot:1    | Found a transporter.
 57699 | Zot:1    | Received a gift from Nemelex Xobeh
 57734 | Zot:1    | Found a stormy altar of Qazlal.
 57834 | Zot:1    | Found a shimmering blue altar of Sif Muna.
 57875 | Zot:1    | Found a transporter.
 57877 | Zot:1    | Found a transporter.
 58172 | Zot:2    | Received a gift from Nemelex Xobeh
 58178 | Zot:2    | Noticed a curse toe
 58475 | Zot:2    | Identified the storm talisman of Lifelessness {rC+ Str+2
                  | SInv}
 58854 | Zot:2    | Noticed a shard shrike
 58857 | Zot:2    | Noticed a shard shrike
 58866 | Zot:2    | Killed a shard shrike
 58872 | Zot:2    | Killed a shard shrike
 59034 | Zot:2    | Reached XP level 25. HP: 242/249 MP: 20/35
 59691 | Zot:3    | Noticed Vv
 59817 | Zot:3    | Killed Vv
 60276 | Zot:2    | Killed a Killer Klown
 60751 | Zot:3    | Identified the storm talisman "Ejor" {+Blink Will+}
 60777 | Zot:3    | Identified the +4 ring mail "Duofuxor" {rC+ Slay+3}
 60792 | Zot:3    | Received a gift from Nemelex Xobeh
 61397 | Zot:3    | Received a gift from Nemelex Xobeh
 61697 | Zot:4    | Reached skill level 15 in Evocations
 62478 | Zot:5    | Entered Level 5 of the Realm of Zot
 62479 | Zot:5    | Received a gift from Nemelex Xobeh
 62532 | Zot:5    | Identified the +5 pair of gloves of the Devil's Team {rElec
                  | Str+6}
 62676 | Zot:5    | Received a gift from Nemelex Xobeh
 63306 | Zot:5    | Noticed a dread lich
 63329 | Zot:5    | Killed a dread lich
 63343 | Zot:5    | Noticed an orb of fire
 63353 | Zot:5    | Reached XP level 26. HP: 259/259 MP: 35/35
 63463 | Zot:5    | Noticed a dread lich
 63476 | Zot:5    | Noticed a Killer Klown
 63482 | Zot:5    | Killed a Killer Klown
 63499 | Zot:5    | Killed a dread lich
 63523 | Zot:5    | Noticed a dread lich
 63565 | Zot:5    | Gained mutation: You occasionally shout uncontrollably at
                  | your foes. [an orb of fire]
 63567 | Zot:5    | Killed an orb of fire
 63585 | Zot:5    | Noticed a Killer Klown
 63598 | Zot:5    | Killed a Killer Klown
 63605 | Zot:5    | Killed a dread lich
 63853 | Zot:5    | Noticed a Killer Klown
 63857 | Zot:5    | Noticed an orb of fire
 63869 | Zot:5    | Killed an orb of fire
 63874 | Zot:5    | Killed a Killer Klown
 63883 | Zot:5    | Noticed an ancient lich
 63886 | Zot:5    | Identified the ring of Varriep {MP+9 Int+6 Slay+2}
 63889 | Zot:5    | Identified the +4 demon trident "Dele" {drain, rF+}
 63892 | Zot:5    | Killed an ancient lich
 63892 | Zot:5    | Noticed an ancient lich
 63904 | Zot:5    | Killed an ancient lich
 63954 | Zot:5    | Noticed a dread lich
 64225 | Zot:5    | Noticed an ancient lich
 64240 | Zot:5    | Killed an ancient lich
 64249 | Zot:5    | Killed a dread lich
 64843 | Zot:5    | Received a gift from Nemelex Xobeh
 64989 | Zot:5    | Got the Orb of Zot
 65678 | D:5      | Reached XP level 27. HP: 268/271 MP: 34/35
 65751 | D:$      | Escaped with the Orb!

Illustrated notes

Levels and vault maps discovered:
D:1:      minmay_arrival_glassed_features, layout_basic, st_stairs_2
D:2:      layout_basic, serial_shops, nicolae_shop_just_a_little_nook,
          basic_altar, uniq_robin
D:3:      layout_rooms
D:4:      layout_rooms, solitary_fountain, serial_bayou_lake_a
D:5:      layout_rooms, lemuel_round_altar
D:6:      layout_basic, serial_shops, shop,
          serial_library_hellmonk_reading_circle, nicolae_shop_overcharged_wands
D:7:      layout_loops_ring, minmay_temple_entry_overgrown
D:8:      layout_gridville, serial_shops, shop, shop, kennysheep_mini,
          special_room [special_room_orc]
D:9:      layout_roguey, zin_academy, mainiacjoe_overflow_brackets,
          grunt_ministairs_1
D:10:     layout_layer_cave, dpeg_lair_monsters, nicolae_nh_ransacked_shop
D:11:     layout_roguey, orc_0_dummy
D:12:     gammafunk_mikee_crab_dinner, layout_loops_ring, serial_library,
          serial_library_regret_index_headful,
          serial_library_hellmonk_open_cross,
          serial_library_hellmonk_double_dead_end,
          serial_library_hellmonk_narrow_alcove,
          serial_library_hellmonk_small_alcove,
          serial_library_hellmonk_hallway_b,
          serial_library_hellmonk_recessed_alcove,
          serial_library_hellmonk_metal_room,
          serial_library_hellmonk_semicircle, serial_library_hellmonk_open_cross
D:13:     layout_long_grid, enter_trove_6, serial_shops, shop,
          hellmonk_guarded_unrand_rift
D:14:     layout_small_grid, david_vaults_2, nicolae_elevator_lobby_asterisk,
          grunt_decor_cap
D:15:     grunt_enter_depths_magical_seal, layout_stronghold,
          chequers_serial_rivers_micro_a
Lair:1:   layout_regular_city, lemuel_fruit_fields, serial_bayou_shore_a
Lair:2:   layout_hall_layers, mainiacjoe_swamp_entry_lozenge_pond,
          spider_nest_entry_webs, wad_woods_river_01, lemuel_fruit_tree
Lair:3:   layout_hall_layers, roderic_carrion_pond
Lair:4:   nzn_winding_woodlands_small [nzn_winding_woodlands_5x15_split_checker,
          nzn_winding_woodlands_center_pierced_h,
          nzn_winding_woodlands_5x15_jagged], layout_hall_layers
Lair:5:   evilmike_catoblepas_cave, layout_regular_city, slime_entry_1,
          gauntlet_entry_generic, portal_ice_cave_rime,
          infiniplex_staircase_pool_2
Swamp:1:  layout_basic_swamp, serial_swamp_ruin, evilmike_swamp_ruin_wall,
          evilmike_swamp_ruin_house_3, swamp_pool_5
Swamp:2:  layout_basic_swamp, evilmike_swamp_ruin_house_4, swamp_pool_3,
          cheibrodos_swamp_witchery, uniq_aizul
Swamp:3:  layout_falls_marsh, evilmike_swamp_ruin_house_1, uniq_louise
Swamp:4:  swamp_fiery, layout_basic_swamp
Spider:1: layout_cave_pods
Spider:2: nicolae_spider_obnoxious_hallway
Spider:3: layout_spider_delve, ebering_ghost_rock_garden
Spider:4: hellmonk_spider_rune_bug_friends, hellmonk_motheaten_closet
Orc:1:    layout_diamond_mine, serial_shops, shop
Orc:2:    st_orc_rangers, layout_caves, serial_shops, shop,
          lightli_church_of_beogh
Elf:1:    eino_elf_arrival_sip, layout_loops_cross, serial_shops,
          nicolae_shop_mannequins, grunt_ministairs_12, uniq_agnes
Elf:2:    nicolae_elf_blades_crystal_corner, layout_geoelf_diagonals
Elf:3:    minmay_elf_hall, layout_geoelf_diagonals, nicolae_custom_books,
          st_stairs_10
Vaults:1: nicolae_vaults_door_testing_chamber, grunt_vaults_diagonal,
          vaults_dpeg_emergency_exit, nicolae_vaults_closet_pinwheel_3,
          nicolae_vaults_alarming, nicolae_vaults_storage_room_statues,
          vaults_dpeg_hooks, nicolae_vaults_more_shelving_2,
          layout_vaults_quadrants, serial_shops, nicolae_shop_overgrown_old_shop
Vaults:2: infiniplex_enter_wizlab_water, minmay_crypt_entry_necro_gods,
          nicolae_vaults_three_branches, v_alt_pattern_3,
          vaults_room_semicircle, nicolae_vaults_little_squares_2,
          nicolae_vaults_ring_of_whatevers, v_misc_15, layout_vaults_big_room
Vaults:3: nicolae_vaults_layer_cake_slice, nicolae_vaults_stepped_doors,
          nicolae_vaults_six-pack, v_rooms_2, door_vault,
          ontoclasm_vaults_ring_small, nicolae_vaults_little_squares_6,
          v_pattern_1, nicolae_vaults_turnstiles, vaults_room_corners,
          nicolae_vaults_octothorpe, vaults_room_hallway,
          nicolae_vaults_diamond_2, nicolae_vaults_little_squares_2,
          layout_vaults_big_cross, uniq_xtahua
Vaults:4: ontoclasm_vaults_loading_screen, nicolae_vaults_network_star,
          nicolae_vaults_apartment_1, nicolae_vaults_house_3, v_rooms_3,
          nicolae_vaults_prndl, nicolae_vaults_wrenched, vaults_room_hallway,
          ontoclasm_vaults_ring_small, vaults_room_hallway,
          hangedman_vaults_nails, layout_vaults_ring, uniq_boris, uniq_margery
Vaults:5: serial_shops
Depths:1: layout_gridville, hellmouth_1, skrybe_limestone_x,
          minmay_stone_trees_small, kennysheep_generic_room_2
Depths:2: kennysheep_oblong_rooms, layout_basic, columned_hall_lemuel,
          grunt_pan_entry_sceptre, lightli_too_deep
Depths:3: hangedman_screamer, layout_gridlike, enter_ziggurat_e, abyss_entry,
          hell_entry, infiniplex_staircase_spiral_double, minmay_shoptagon,
          uniq_enchantress, uniq_mennas
Depths:4: grunt_zot_entry_gee_three, layout_cave_shapes, hex_medium,
          pf_coc_iceberg
Zot:1:    layout_gridlike, regret_index_zotdec_storm_pass,
          regret_index_zotdec_magical_s, serial_nicolae_subway,
          nicolae_sub_station_metal, nicolae_sub_station_stone,
          nicolae_sub_station_crystal
Zot:2:    minmay_elemental_castle, layout_gridlike
Zot:3:    layout_onion_interference, grunt_megastairs_3, uniq_vv
Zot:4:    layout_misc_corridors, drop_trap, st_stairs_8
Zot:5:    layout_gridlike, grunt_ministairs_13

Skill      XL: |  1  2  3  4  5  6  7  8  9 10 11 12 13 14 15 16 17 18 19 20 21 22 23 24 25 26 |
---------------+-------------------------------------------------------------------------------+-----
Fighting       | 4 5 7 9 11 12 13 14 15 16 18 19 20 | 20.5
Polearms       | 2 |  2.4
Invocations    | 3 5 6 8 10 15 17 | 17.1
Armour         | 3 6 7 8 9 13 14 15 16 17 18 19 | 19.1
Long Blades    | 8 10 12 13 18 21 | 21.0
Dodging        | 2 6 7 9 10 12 13 14 15 16 17 18 | 18.7
Evocations     | 6 11 17 18 | 18.3
Translocations | 9 11 | 11.0
Spellcasting   | 1 7 |  7.8
Short Blades   | |  2.0
Stealth        | |  7.2

Action                     |  1- 3 |  4- 6 |  7- 9 | 10-12 | 13-15 | 16-18 | 19-21 | 22-24 | 25-27 || total
---------------------------+-------+-------+-------+-------+-------+-------+-------+-------+-------++-------
  Melee: Short sword       |    15 |       |       |       |       |       |       |       |       ||    15
         Halberd           |    26 |   102 |       |       |       |       |       |       |       ||   128
         Flail             |       |    41 |       |       |       |       |       |       |       ||    41
         Punch             |       |     2 |     6 |    10 |    13 |    13 |       |       |       ||    44
         Scimitar          |       |    10 |   194 |   579 |   898 |   684 |       |       |       ||  2365
         Constrict         |       |       |       |       |   204 |   208 |   187 |   188 |   126 ||   913
         Great sword       |       |       |       |       |       |   384 |   937 |  1145 |   818 ||  3284
         Headbutt          |       |       |       |       |       |   126 |   213 |       |       ||   339
   Cast: Blink             |       |       |       |       |       |       |     7 |     3 |    13 ||    23
         Volatile Blastmot |       |       |       |       |       |       |     3 |       |       ||     3
         Lesser Beckoning  |       |       |       |       |       |       |     2 |    17 |    10 ||    29
         Manifold Assault  |       |       |       |       |       |       |       |    17 |       ||    17
 Invoke: Draw Destruction  |       |     6 |     6 |    11 |    28 |    27 |    31 |    36 |    14 ||   159
         Draw Escape       |       |     2 |     4 |     6 |     2 |     1 |     4 |     1 |     4 ||    24
         Draw Summoning    |       |     1 |     3 |     2 |     1 |     6 |     6 |     3 |     7 ||    29
         Stack Five        |       |       |       |       |     1 |       |     1 |       |     1 ||     3
         Deal Four         |       |       |       |       |     1 |     1 |     3 |     1 |       ||     6
         Draw Stack        |       |       |       |       |       |       |     3 |       |     1 ||     4
Ability: Spit Poison       |    18 |    17 |    33 |    12 |     1 |     4 |       |       |       ||    85
         Breathe Poison Ga |       |       |       |       |       |    21 |       |       |       ||    21
  Evoke: Wand              |       |       |     3 |    11 |     2 |     7 |     4 |       |     2 ||    29
         Phantom mirror    |       |       |       |     1 |       |       |       |     2 |       ||     3
         Phial of floods   |       |       |       |       |     1 |       |       |       |     1 ||     2
         Lightning rod     |       |       |       |       |       |       |     8 |     4 |       ||    12
         Box of beasts     |       |       |       |       |       |       |     1 |     1 |       ||     2
         Condenser vane    |       |       |       |       |       |       |     1 |     1 |     2 ||     4
    Use: Potion            |     3 |     1 |     1 |       |       |     1 |    13 |     2 |     4 ||    25
         Scroll            |     1 |       |     5 |    13 |    11 |     4 |     7 |     3 |     4 ||    48
   Stab: Sleeping          |       |    11 |     4 |     8 |    17 |    15 |     9 |    19 |     3 ||    86
         Distracted        |       |       |       |     2 |       |     8 |    13 |     7 |     5 ||    35
         Petrified         |       |       |       |       |    11 |       |       |     7 |       ||    18
         Confused          |       |       |       |       |     1 |     5 |     2 |       |       ||     8
         Petrifying        |       |       |       |       |       |       |       |     2 |       ||     2
 Armour: Leather armour    |    36 |    23 |   292 |   658 |   584 |   911 |   251 |       |       ||  2755
         Ring mail         |       |   105 |       |       |       |       |       |       |       ||   105
         Skin              |       |       |     3 |       |       |       |       |       |     1 ||     4
         Quicksilver drago |       |       |       |       |       |       |   453 |   754 |   581 ||  1788
  Dodge: Dodged            |    27 |    67 |   108 |   425 |   814 |  1001 |   807 |   867 |   826 ||  4942

Table legend: (Time is in decaauts)
 A = Elapsed time spent in this place.
 B = Non-inter-level travel time spent in this place.
 C = Inter-level travel time spent in this place.
 D = Time resting spent in this place.
 E = Time spent auto-exploring this place.
 F = Levels seen in this place.
 G = Mean time per level.
                   A        B        C        D        E       F      G
               +--------+--------+--------+--------+--------+-----+--------+
         Total |  78163 |  73251 |   4912 |  10899 |  45129 |  49 | 1595.2 |
       Dungeon |  21056 |  18756 |   2300 |   2586 |  11930 |  15 | 1403.7 |
          Lair |   7579 |   7126 |    453 |    547 |   4758 |   5 | 1515.8 |
         Swamp |   4590 |   4449 |    141 |    690 |   2573 |   4 | 1147.5 |
   Spider Nest |   6482 |   6264 |    218 |   1341 |   3448 |   4 | 1620.5 |
  Orcish Mines |   3123 |   2912 |    211 |    289 |   1866 |   2 | 1561.5 |
   Elven Halls |   4049 |   3820 |    229 |    117 |   2851 |   3 | 1349.7 |
        Vaults |  11611 |  11038 |    573 |   1870 |   6606 |   5 | 2322.2 |
        Depths |   7500 |   7155 |    345 |    390 |   5647 |   4 | 1875.0 |
           Zot |  10278 |   9839 |    439 |   2513 |   4859 |   5 | 2055.6 |
        Wizlab |   1325 |   1325 |      0 |    532 |    339 |   1 | 1325.0 |
      Gauntlet |    567 |    567 |      0 |     19 |    250 |   1 |  567.0 |
               +--------+--------+--------+--------+--------+-----+--------+

Top non-repeatable levels by time:
Vaults:5: 3557 daAuts
   Zot:5: 2886 daAuts
   Zot:2: 2827 daAuts
    D:12: 2447 daAuts
Vaults:3: 2359 daAuts
Depths:2: 2210 daAuts
Vaults:4: 2195 daAuts
    D:10: 2183 daAuts
   Zot:1: 2160 daAuts
Depths:3: 2133 daAuts
   Orc:2: 2076 daAuts
  Lair:5: 1955 daAuts
Vaults:1: 1940 daAuts
Spider:1: 1886 daAuts
Depths:4: 1881 daAuts

Levels and vault maps discovered:
D:1:      minmay_arrival_glassed_features, layout_basic, st_stairs_2
D:2:      layout_basic, serial_shops, nicolae_shop_just_a_little_nook,
          basic_altar, uniq_robin
D:3:      layout_rooms
D:4:      layout_rooms, solitary_fountain, serial_bayou_lake_a
D:5:      layout_rooms, lemuel_round_altar
D:6:      layout_basic, serial_shops, shop,
          serial_library_hellmonk_reading_circle, nicolae_shop_overcharged_wands
D:7:      layout_loops_ring, minmay_temple_entry_overgrown
D:8:      layout_gridville, serial_shops, shop, shop, kennysheep_mini,
          special_room [special_room_orc]
D:9:      layout_roguey, zin_academy, mainiacjoe_overflow_brackets,
          grunt_ministairs_1
D:10:     layout_layer_cave, dpeg_lair_monsters, nicolae_nh_ransacked_shop
D:11:     layout_roguey, orc_0_dummy
D:12:     gammafunk_mikee_crab_dinner, layout_loops_ring, serial_library,
          serial_library_regret_index_headful,
          serial_library_hellmonk_open_cross,
          serial_library_hellmonk_double_dead_end,
          serial_library_hellmonk_narrow_alcove,
          serial_library_hellmonk_small_alcove,
          serial_library_hellmonk_hallway_b,
          serial_library_hellmonk_recessed_alcove,
          serial_library_hellmonk_metal_room,
          serial_library_hellmonk_semicircle, serial_library_hellmonk_open_cross
D:13:     layout_long_grid, enter_trove_6, serial_shops, shop,
          hellmonk_guarded_unrand_rift
D:14:     layout_small_grid, david_vaults_2, nicolae_elevator_lobby_asterisk,
          grunt_decor_cap
D:15:     grunt_enter_depths_magical_seal, layout_stronghold,
          chequers_serial_rivers_micro_a
Lair:1:   layout_regular_city, lemuel_fruit_fields, serial_bayou_shore_a
Lair:2:   layout_hall_layers, mainiacjoe_swamp_entry_lozenge_pond,
          spider_nest_entry_webs, wad_woods_river_01, lemuel_fruit_tree
Lair:3:   layout_hall_layers, roderic_carrion_pond
Lair:4:   nzn_winding_woodlands_small [nzn_winding_woodlands_5x15_split_checker,
          nzn_winding_woodlands_center_pierced_h,
          nzn_winding_woodlands_5x15_jagged], layout_hall_layers
Lair:5:   evilmike_catoblepas_cave, layout_regular_city, slime_entry_1,
          gauntlet_entry_generic, portal_ice_cave_rime,
          infiniplex_staircase_pool_2
Swamp:1:  layout_basic_swamp, serial_swamp_ruin, evilmike_swamp_ruin_wall,
          evilmike_swamp_ruin_house_3, swamp_pool_5
Swamp:2:  layout_basic_swamp, evilmike_swamp_ruin_house_4, swamp_pool_3,
          cheibrodos_swamp_witchery, uniq_aizul
Swamp:3:  layout_falls_marsh, evilmike_swamp_ruin_house_1, uniq_louise
Swamp:4:  swamp_fiery, layout_basic_swamp
Spider:1: layout_cave_pods
Spider:2: nicolae_spider_obnoxious_hallway
Spider:3: layout_spider_delve, ebering_ghost_rock_garden
Spider:4: hellmonk_spider_rune_bug_friends, hellmonk_motheaten_closet
Orc:1:    layout_diamond_mine, serial_shops, shop
Orc:2:    st_orc_rangers, layout_caves, serial_shops, shop,
          lightli_church_of_beogh
Elf:1:    eino_elf_arrival_sip, layout_loops_cross, serial_shops,
          nicolae_shop_mannequins, grunt_ministairs_12, uniq_agnes
Elf:2:    nicolae_elf_blades_crystal_corner, layout_geoelf_diagonals
Elf:3:    minmay_elf_hall, layout_geoelf_diagonals, nicolae_custom_books,
          st_stairs_10
Vaults:1: nicolae_vaults_door_testing_chamber, grunt_vaults_diagonal,
          vaults_dpeg_emergency_exit, nicolae_vaults_closet_pinwheel_3,
          nicolae_vaults_alarming, nicolae_vaults_storage_room_statues,
          vaults_dpeg_hooks, nicolae_vaults_more_shelving_2,
          layout_vaults_quadrants, serial_shops, nicolae_shop_overgrown_old_shop
Vaults:2: infiniplex_enter_wizlab_water, minmay_crypt_entry_necro_gods,
          nicolae_vaults_three_branches, v_alt_pattern_3,
          vaults_room_semicircle, nicolae_vaults_little_squares_2,
          nicolae_vaults_ring_of_whatevers, v_misc_15, layout_vaults_big_room
Vaults:3: nicolae_vaults_layer_cake_slice, nicolae_vaults_stepped_doors,
          nicolae_vaults_six-pack, v_rooms_2, door_vault,
          ontoclasm_vaults_ring_small, nicolae_vaults_little_squares_6,
          v_pattern_1, nicolae_vaults_turnstiles, vaults_room_corners,
          nicolae_vaults_octothorpe, vaults_room_hallway,
          nicolae_vaults_diamond_2, nicolae_vaults_little_squares_2,
          layout_vaults_big_cross, uniq_xtahua
Vaults:4: ontoclasm_vaults_loading_screen, nicolae_vaults_network_star,
          nicolae_vaults_apartment_1, nicolae_vaults_house_3, v_rooms_3,
          nicolae_vaults_prndl, nicolae_vaults_wrenched, vaults_room_hallway,
          ontoclasm_vaults_ring_small, vaults_room_hallway,
          hangedman_vaults_nails, layout_vaults_ring, uniq_boris, uniq_margery
Vaults:5: serial_shops
Depths:1: layout_gridville, hellmouth_1, skrybe_limestone_x,
          minmay_stone_trees_small, kennysheep_generic_room_2
Depths:2: kennysheep_oblong_rooms, layout_basic, columned_hall_lemuel,
          grunt_pan_entry_sceptre, lightli_too_deep
Depths:3: hangedman_screamer, layout_gridlike, enter_ziggurat_e, abyss_entry,
          hell_entry, infiniplex_staircase_spiral_double, minmay_shoptagon,
          uniq_enchantress, uniq_mennas
Depths:4: grunt_zot_entry_gee_three, layout_cave_shapes, hex_medium,
          pf_coc_iceberg
Zot:1:    layout_gridlike, regret_index_zotdec_storm_pass,
          regret_index_zotdec_magical_s, serial_nicolae_subway,
          nicolae_sub_station_metal, nicolae_sub_station_stone,
          nicolae_sub_station_crystal
Zot:2:    minmay_elemental_castle, layout_gridlike
Zot:3:    layout_onion_interference, grunt_megastairs_3, uniq_vv
Zot:4:    layout_misc_corridors, drop_trap, st_stairs_8
Zot:5:    layout_gridlike, grunt_ministairs_13

Table legend: (Time is in decaauts)
 A = Elapsed time spent in this place.
 B = Non-inter-level travel time spent in this place.
 C = Inter-level travel time spent in this place.
 D = Time resting spent in this place.
 E = Time spent auto-exploring this place.
 F = Levels seen in this place.
 G = Mean time per level.
                   A        B        C        D        E       F      G
               +--------+--------+--------+--------+--------+-----+--------+
         Total |  78163 |  73251 |   4912 |  10899 |  45129 |  49 | 1595.2 |
       Dungeon |  21056 |  18756 |   2300 |   2586 |  11930 |  15 | 1403.7 |
          Lair |   7579 |   7126 |    453 |    547 |   4758 |   5 | 1515.8 |
         Swamp |   4590 |   4449 |    141 |    690 |   2573 |   4 | 1147.5 |
   Spider Nest |   6482 |   6264 |    218 |   1341 |   3448 |   4 | 1620.5 |
  Orcish Mines |   3123 |   2912 |    211 |    289 |   1866 |   2 | 1561.5 |
   Elven Halls |   4049 |   3820 |    229 |    117 |   2851 |   3 | 1349.7 |
        Vaults |  11611 |  11038 |    573 |   1870 |   6606 |   5 | 2322.2 |
        Depths |   7500 |   7155 |    345 |    390 |   5647 |   4 | 1875.0 |
           Zot |  10278 |   9839 |    439 |   2513 |   4859 |   5 | 2055.6 |
        Wizlab |   1325 |   1325 |      0 |    532 |    339 |   1 | 1325.0 |
      Gauntlet |    567 |    567 |      0 |     19 |    250 |   1 |  567.0 |
               +--------+--------+--------+--------+--------+-----+--------+

Top non-repeatable levels by time:
Vaults:5: 3557 daAuts
   Zot:5: 2886 daAuts
   Zot:2: 2827 daAuts
    D:12: 2447 daAuts
Vaults:3: 2359 daAuts
Depths:2: 2210 daAuts
Vaults:4: 2195 daAuts
    D:10: 2183 daAuts
   Zot:1: 2160 daAuts
Depths:3: 2133 daAuts
   Orc:2: 2076 daAuts
  Lair:5: 1955 daAuts
Vaults:1: 1940 daAuts
Spider:1: 1886 daAuts
Depths:4: 1881 daAuts

Table legend:
 A = Kills in this place as a percentage of kills in the entire game.
 B = Kills by you in this place as a percentage of kills by you in the entire game.
 C = Kills by friends in this place as a percentage of kills by friends in the entire game.
 D = Other kills in this place as a percentage of other kills in the entire game.
 E = Experience gained in this place as a percentage of experience gained in the entire game.
 F = Experience gained in this place divided by the number of levels of this place that you have seen.
                   A       B       C       D       E      F
               +-------+-------+-------+-------+-------+----------------------
         Total | 100.0 | 100.0 | 100.0 | 100.0 | 100.0 | 25755.9
       Dungeon |  17.4 |  17.5 |  14.3 |  33.3 |   6.4 | 5413.1
          Lair |   7.6 |   7.7 |   4.1 |   0.0 |   3.3 | 8328.2
         Swamp |   6.3 |   5.8 |  28.6 |   0.0 |   5.3 | 16772.5
   Spider Nest |  10.3 |  10.3 |   4.1 |  50.0 |   7.3 | 22941.5
  Orcish Mines |   6.7 |   6.9 |   0.0 |   0.0 |   1.3 | 8476.5
   Elven Halls |   6.4 |   6.6 |   2.0 |   0.0 |   8.1 | 33909.7
        Vaults |  18.9 |  18.8 |  24.5 |   0.0 |  23.0 | 57931.4
        Depths |  10.4 |  10.6 |   4.1 |   0.0 |  13.9 | 43903.5
           Zot |  13.0 |  13.1 |  10.2 |  16.7 |  28.3 | 71336.2
        Wizlab |   2.5 |   2.3 |   8.2 |   0.0 |   2.9 | 36243.0
      Gauntlet |   0.5 |   0.5 |   0.0 |   0.0 |   0.3 | 3467.0
               +-------+-------+-------+-------+-------+----------------------
